[ AOE2 MATCH · #486445000 ]
UnrankedSaracens vs Spanish
[ REPLAY ANALYSIS · EXTRACTED FROM THE RECORDED GAME ]
Feudal
—
Castle
—
Imperial
—
| APM avg | 21.0 |
| APM peak | 28 |
| eAPM avg | 4.1 |
| Villagers / military | 0 / 0 |
Focus
⚔️ 0.0% · 🌾 100.0%
Feudal
—
Castle
—
Imperial
—
| APM avg | 16.9 |
| APM peak | 23 |
| eAPM avg | 8.2 |
| Villagers / military | 4 / 0 |
Focus
⚔️ 0.0% · 🌾 100.0%
Feudal
—
Castle
—
Imperial
—
| APM avg | 20.6 |
| APM peak | 26 |
| eAPM avg | 9.0 |
| Villagers / military | 0 / 0 |
Focus
⚔️ 11.1% · 🌾 88.9%
Feudal
—
Castle
—
Imperial
—
| APM avg | 13.5 |
| APM peak | 19 |
| eAPM avg | 3.4 |
| Villagers / military | 0 / 0 |
Focus
⚔️ 0.0% · 🌾 100.0%
Feudal
—
Castle
—
Imperial
—
| APM avg | 42.7 |
| APM peak | 55 |
| eAPM avg | 3.7 |
| Villagers / military | 0 / 0 |
Focus
⚔️ 0.0% · 🌾 100.0%
Feudal
—
Castle
—
Imperial
—
| APM avg | 15.0 |
| APM peak | 17 |
| eAPM avg | 3.4 |
| Villagers / military | 0 / 0 |
Focus
⚔️ 0.0% · 🌾 100.0%
Feudal
—
Castle
—
Imperial
—
| APM avg | 12.7 |
| APM peak | 15 |
| eAPM avg | 9.4 |
| Villagers / military | 0 / 0 |
Focus
⚔️ 0.0% · 🌾 100.0%
Feudal
—
Castle
—
Imperial
—
| APM avg | 16.1 |
| APM peak | 29 |
| eAPM avg | 4.5 |
| Villagers / military | 0 / 0 |
Focus
⚔️ 0.0% · 🌾 100.0%
Match map
Initial resources + every placement click. Lines = walls · curves = elevation contours. ◆ gold · ⬟ stone · ● berries · ✦ relic · ◌ wall gap
Your base
NPG | Bandio's base
Systemd0wn's base
Wicho's base
NPG | R4GN4R_'s base
Alec's base
Migate's base
Malanka's base
Smoothed initial terrain · ◌ = detected wall gap · hover for details
Inputs per minute
— NPG/- Americaneagle37 - - NPG | Bandio
Build order — NPG/- Americaneagle37
3 actions detected in the replay
| 0:24 | Build | House |
| 0:39 | Build | Town Center |
| 1:30 | Build | House |
Build order — NPG | Bandio
6 actions detected in the replay
| 0:18 | Build | Town Center |
| 0:34 | Build | House |
| 2:34 | Create | Villager (Male) |
| 2:34 | Create | Villager (Male) |
| 2:35 | Create | Villager (Male) |
| 2:35 | Create | Villager (Male) |
Build order — Systemd0wn
5 actions detected in the replay
| 0:49 | Build | Town Center |
| 0:55 | Build | Town Center |
| 1:38 | Build | House |
| 1:50 | Build | House |
| 1:56 | Build | Palisade Wall |
Build order — Wicho
2 actions detected in the replay
| 0:56 | Build | Town Center |
| 1:27 | Build | Town Center |
Build order — NPG | R4GN4R_
2 actions detected in the replay
| 0:13 | Build | House |
| 1:27 | Build | Town Center |
Build order — Alec
1 actions detected in the replay
| 0:17 | Build | Town Center |
Build order — Migate
3 actions detected in the replay
| 0:03 | Build | Town Center |
| 0:13 | Build | House |
| 1:58 | Build | House |
Build order — Malanka
1 actions detected in the replay
| 0:48 | Build | Town Center |
Match timeline
| 1:56 | Systemd0wn · wall_segment Palisade Wall x1 |
| 2:27 | Alec · resign |
[ AI ANALYSIS · 1 CREDIT ]
What really happened in this match?
Wolo.gg analyzes every decision: build order, eco, micro, common mistakes by bracket. Personalized analysis on WhatsApp or Discord in 30 seconds.
Civ guide
Saracens
Perfil
NPG/- Americaneagle37